 Dungeon Sprint DCSS version 0.31-a0-986-g5e6e4ef867 (webtiles) character file.

Game seed: 10198272219171251267

247 dialectric the Basher (level 6, -1/66 HPs)
             Began as a Gargoyle Berserker on Nov 3, 2023.
             Was a Believer of Trog.
             Slain by a merfolk siren
             ... wielding a +0 trident
              (13 damage)
             ... in the Dungeon (Sprint II: "The Violet Keep of Menkaure").
             The game lasted 00:00:38 (70 turns).

dialectric the Basher (Gargoyle Berserker)            Turns: 70, Time: 00:00:39

Health: -1/66      AC:  6    Str: 22    XL:     6   Next: 11%
Magic:  6/6        EV: 12    Int:  8    God:    Trog [**....]
Gold:   243        SH:  0    Dex:  9    Spells: 5/5 levels left

rFire   . . .        a - +0 mace
rCold   . . .        (no shield)
rNeg    + . .        b - +0 animal skin
rPois   ∞            (no helmet)
rElec   +            (no cloak)
rCorr   .            (no gloves)
SInv    .            (no boots)
Will    .....        (no amulet) Stlth
                     (no ring)
HPRegen 0.31/turn    (no ring)
MPRegen 0.10/turn

%: no teleportation
@: berserking, very quick
A: sickness immunity, AC +4, negative energy resistance 1, electricity
resistance, torment resistance 1, petrification resistance
a: Renounce Religion, Berserk, Trog's Hand


You were in the Dungeon.
You worshipped Trog.
Trog was pleased with you.
You visited 1 branch You collected 243 gold pieces.

Inventory:

Hand Weapons
 a - a +0 mace (weapon)
Armour
 b - a +0 animal skin (worn)
Scrolls
 h - a scroll of blinking
Potions
 c - a potion of curing
 e - a potion of haste
 f - 2 potions of magic
 g - a potion of berserk rage


   Skills:
 + Level 7.8 Fighting
 * Level 9.5 Maces & Flails
 + Level 4.2 Armour
 + Level 3.5 Dodging


You had 5 spell levels left.
You didn't know any spells.
Your spell library was empty.

Dungeon Overview and Level Annotations

Branches:
Dungeon (1/1)

Altars:


Innate Abilities, Weirdness & Mutations

You are immune to sickness and miasma.
Your stone body is resilient. (AC +4)
You are immune to poison.
You resist negative energy. (rN+)
You are resistant to electric shocks. (rElec)
You are resistant to unholy torment.
You are immune to petrification.


Message History

The necrophage hits you but does no damage.
You closely miss the necrophage.
The necrophage is severely damaged.
The necrophage hits you but does no damage.
You hit the necrophage.
The necrophage is almost destroyed.
The necrophage barely misses you.
You hit the necrophage but do no damage.
The necrophage is almost destroyed.
The necrophage hits you.
* * * LOW HITPOINT WARNING * * *
You sock the necrophage!
You destroy the necrophage!
Trog accepts your kill.
Your Maces & Flails skill increases to level 9!
You have reached level 6!
There is an open door here.
Things that are here:
a necrophage corpse; a necrophage corpse; a necrophage corpse You now have 243 gold pieces.
You recover from your berserk rage.
You open the door.
There is an open door here.
Things that are here:
a necrophage corpse; a necrophage corpse; a necrophage corpse You open the door. 2 boulder beetles come into view.
The boulder beetle leaps!
Found 243 gold pieces.
You close the door.
You open the door.
A merfolk siren comes into view. It is wielding a +0 trident.
The merfolk siren shouts!
A red film seems to cover your vision as you go berserk!
You feel yourself moving faster!
You feel mighty!
The merfolk siren hits you from afar with a +0 trident!
* * * LOW HITPOINT WARNING * * *
You feel a strong urge to attack something.
The merfolk siren hits you with a +0 trident!
You die...

##'##
##.#.##
#..#..# #
##...# # #.
##†## .##
#l##.##B.$#
#+.<.+#
#.##.##B..#
#l #@# .##
# #.m.# #
#..#..# ##.
.## ## ##


You could see a merfolk siren.

Vanquished Creatures
  4 necrophages (D)
4 creatures vanquished.

Notes
Turn   | Place    | Note
-------+----------+-------------------------------------------
     0 | D        | dialectric the Gargoyle Berserker began the quest for the
                  | Orb.
     0 | D        | Reached XP level 1. HP: 14/14 MP: 1/1
     1 | D        | Noticed a wyvern
     1 | D        | Noticed a wyvern
     4 | D        | Noticed a necrophage
     4 | D        | Noticed a necrophage
     4 | D        | Noticed a necrophage
     4 | D        | Noticed a necrophage
    14 | D        | Killed a necrophage
    15 | D        | Reached skill level 5 in Fighting
    15 | D        | Reached skill level 5 in Maces & Flails
    15 | D        | Reached XP level 2. HP: 13/22 MP: 2/2
    15 | D        | Reached XP level 3. HP: 15/27 MP: 3/3
    15 | D        | Reached XP level 4. HP: 18/32 MP: 4/4
    25 | D        | Killed a necrophage
    26 | D        | Reached skill level 7 in Maces & Flails
    26 | D        | Reached XP level 5. HP: 37/37 MP: 5/5
    37 | D        | Reached ** piety under Trog
    38 | D        | Reached skill level 8 in Maces & Flails
    54 | D        | Reached skill level 9 in Maces & Flails
    54 | D        | Reached XP level 6. HP: 9/44 MP: 6/6
    65 | D        | Noticed a boulder beetle
    65 | D        | Noticed a boulder beetle
    68 | D        | Noticed a merfolk siren
    70 | D        | Slain by a merfolk siren

Illustrated notes

Levels and vault maps discovered:
D:        the_violet_keep_of_menkaure [sprint2_stairs_cluster_1,
          sprint2_shoproom, sprint2_temple, sprint2_basic_supplies,
          sprint2_obstacle_2, sprint2_obstacle_1, sprint2_obstacle_7,
          sprint2_obstacle_3, sprint2_obstacle_6, sprint2_timed_cluster_1,
          sprint2_smallroom_cluster_1, sprint2_smallroom_final_cluster_1,
          sprint2_transparent_cluster_1, sprint2_second_timed_cluster_1,
          sprint2_sniper_area_1, sprint2_heavy_combat_area_1,
          sprint2_mutation_trap_area_1, sprint2_forest_area_1,
          sprint2_light_combat_area_1, sprint2_behind_water_1,
          sprint2_near_end_vault_1]

Skill      XL: |  1  2  3  4  5 |
---------------+----------------+-----
Fighting       | 5 6 7 |  7.8
Maces & Flails | 5 7 9 |  9.5
Armour         | 3 4 |  4.2
Dodging        | 2 3 |  3.5

Action                     |  1- 3 |  4- 6 || total
---------------------------+-------+-------++-------
  Melee: Mace              |     8 |    38 ||    46
 Invoke: Berserk           |     1 |     1 ||     2
    Use: Potion            |       |     1 ||     1
 Armour: Animal skin       |     3 |    29 ||    32
  Dodge: Dodged            |     3 |    23 ||    26

Table legend: (Time is in decaauts)
 A = Elapsed time spent in this place.
 B = Non-inter-level travel time spent in this place.
 C = Inter-level travel time spent in this place.
 D = Time resting spent in this place.
 E = Time spent auto-exploring this place.
 F = Levels seen in this place.
 G = Mean time per level.
                   A        B        C        D        E       F      G
               +--------+--------+--------+--------+--------+-----+--------+
         Total |     82 |     82 |      0 |      0 |      0 |   1 |   82.0 |
       Dungeon |     82 |     82 |      0 |      0 |      0 |   1 |   82.0 |
               +--------+--------+--------+--------+--------+-----+--------+

Top non-repeatable levels by time:
       D: 82 daAuts
